 Dungeon Crawl Stone Soup version 0.32-a0-136-gc02482bde3 (webtiles) character file.

Game seed: 8342579703301669971

46 Ceno the Insei (level 3, -2/23 HPs)
             Began as an Octopode Shapeshifter on Feb 10, 2024.
             Slain by a gnoll
             ... wielding a +0 halberd
              (11 damage)
             ... on level 2 of the Dungeon.
             The game lasted 00:02:13 (1118 turns).

Ceno the Insei (Octopode Shapeshifter)              Turns: 1118, Time: 00:02:14

Health: -2/23      AC:  1    Str: 13    XL:     3   Next: 66%
Magic:  3/3        EV: 13    Int: 12    God:
Gold:   48         SH:  0    Dex: 13    Spells: 2/2 levels left

rFire   . .          .
                       - Unarmed
rCold   . . .        (no shield)
rNeg    . . .        (helmet currently unavailable)
rPois   .            (no amulet)
rElec   .            (no ring)
rCorr   .            (no ring)
SInv    .            (no ring)
Will    .....        (no ring)
Stlth   +++          (no ring)
HPRegen 0.23/turn    (no ring)
MPRegen 0.08/turn    (no ring)
                     (no ring)

%: no passive effects
@: beast-form
A: beast (slay +1), almost no armour, amphibious, 8 rings, camouflage 1,
gelatinous body 1, (nimble swimmer 1), tentacles
a: Begin Untransformation


You were on level 2 of the Dungeon.
You were a hulking beast.
You visited 1 branch of the dungeon, and saw 2 of its levels.

You collected 48 gold pieces.

Inventory:

Missiles
 d - 22 stones (quivered)
 h - 3 poisoned darts
Jewellery
 i - an amulet of faith
Talismans
 b - a beast talisman
 c - a flux talisman
Scrolls
 g - 2 scrolls of enchant armour {unknown}
Potions
 a - a potion of lignification
 e - a potion of enlightenment {unknown}
 f - 3 potions of curing {unknown}


   Skills:
 - Level 1.0 Fighting
 - Level 2.0 Dodging
 * Level 3.2 Stealth
 + Level 3.4 Unarmed Combat
 + Level 3.3 Shapeshifting


You had 2 spell levels left.
You didn't know any spells.
Your spell library contained the following spells:

 Spells                   Type           Power      Damage    Failure   Level
 Call Imp                 Summ           0%         N/A       45%         2
 Sublimation of Blood     Necr           0%         N/A       45%         2
 Anguish                  Hex/Necr       0%         N/A       97%         4
 Cause Fear               Hex            0%         N/A       97%         4
 Enfeeble                 Hex            0%         N/A       100%        7
 Summon Hydra             Summ           0%         N/A       100%        7


Dungeon Overview and Level Annotations

Branches:
Dungeon (2/15)

Altars:


Innate Abilities, Weirdness & Mutations

You are a hulking beast.
Your limbs bulge with bestial killing power. (Slay +1)
You cannot wear most types of armour.
You are amphibious.
You can wear up to eight rings at the same time.
Your skin changes colour to match your surroundings (Stealth+).
Your rubbery body absorbs attacks. (AC +1, EV +1)
((You are camouflaged when in or above water. (Stealth+)))
You have tentacles for arms and can constrict up to eight enemies at once.


Message History

2 gnolls come into view.
An adder comes into view.
The gnoll shouts! x2; The adder hisses angrily.
The gnoll shouts!
The bat closely misses you. The gnoll attacks as it pursues you!
The gnoll hits you with a +0 whip. The gnoll attacks as it pursues you!
The gnoll misses you. The bat attacks as it pursues you!
The bat closely misses you. The bat hits you but does no damage.
The bat hits you but does no damage. The bat attacks as it pursues you!
The bat hits you. The bat hits you but does no damage.
You tentacle-slap the bat. Your grab misses the bat.
Your squeeze misses the bat.
The bat is heavily wounded.
The bat hits you.
You tentacle-slap the bat.
You kill the bat!
You tentacle-slap the giant cockroach.
You kill the giant cockroach!
You tentacle-slap the adder. Your grab misses the adder.
The adder is moderately wounded.
The adder barely misses you.
The gnoll hits you from afar with a +0 halberd.
The adder barely misses you.
You barely miss the adder. Your grab misses the adder.
The adder is moderately wounded.
The gnoll hits you from afar with a +0 halberd.
The adder closely misses you.
You are too injured to fight recklessly!
Unknown command.
You closely miss the adder. You grab the adder.
The adder is moderately wounded.
You constrict the adder, but do no damage.
The gnoll closely misses you. The adder bites you.
You barely miss the adder.
The adder is moderately wounded.
You constrict the adder, but do no damage.
The adder closely misses you.
The gnoll hits you from afar with a +0 halberd!
You die...

#.##...#.###.#
#........# ### ..#...
#......†#########.....
####............#.....
.........######.#.....
####.....##.....#.....
#####.#.###.....#.....
#........######.#.....
#.###h##.##.....'..<..
#S##.#..###.#.....
#.###g##......#.......
#....gg#..#.#....#####
....###..##.....####
.. ###..##.#.#....
#...........###
......#.###..#.##
.#.#...........#


You could see 3 gnolls and an adder.

Vanquished Creatures
  A dart slug (D:1)
  A ribbon worm (D:2)
  3 ball pythons
  7 bats
  3 endoplasms
  2 giant cockroaches (D:2)
  4 goblins (D:1)
  6 hobgoblins (D:1)
  A quokka (D:1)
  A frilled lizard (D:1)
  A kobold (D:1)
  7 rats
37 creatures vanquished.

Notes
Turn   | Place    | Note
-------+----------+-------------------------------------------
     0 | D:1      | Ceno the Octopode Shapeshifter began the quest for the Orb.
     0 | D:1      | Reached XP level 1. HP: 13/13 MP: 1/1
   130 | D:1      | Reached skill level 1 in Stealth
   145 | D:1      | Reached XP level 2. HP: 18/18 MP: 2/2
   363 | D:1      | Reached XP level 3. HP: 23/23 MP: 3/3
  1118 | D:2      | Slain by a gnoll

Illustrated notes

Levels and vault maps discovered:
D:1:      dpeg_arrival_chambers_temple_mockup, layout_basic
D:2:      layout_basic, serial_glass, glass_columns_a, glass_columns_b,
          item_on_display_a, item_on_display_a, item_on_display_a,
          item_on_display_a, serial_shops, shop

Skill      XL: |  1  2  3 |
---------------+----------+-----
Stealth        | 1 2 3 |  3.2
Fighting       | |  1.0
Dodging        | |  2.0
Unarmed Combat | |  3.4
Shapeshifting  | |  3.3

Action                     || total
---------------------------++-------
  Melee: Unarmed           ||    60
         Tentacles         ||    10
         Constrict         ||    13
   Stab: Sleeping          ||    13
 Armour: Skin              ||    20
  Dodge: Dodged            ||    32

Table legend: (Time is in decaauts)
 A = Elapsed time spent in this place.
 B = Non-inter-level travel time spent in this place.
 C = Inter-level travel time spent in this place.
 D = Time resting spent in this place.
 E = Time spent auto-exploring this place.
 F = Levels seen in this place.
 G = Mean time per level.
                   A        B        C        D        E       F      G
               +--------+--------+--------+--------+--------+-----+--------+
         Total |   1114 |   1073 |     41 |     10 |    754 |   2 |  557.0 |
       Dungeon |   1114 |   1073 |     41 |     10 |    754 |   2 |  557.0 |
               +--------+--------+--------+--------+--------+-----+--------+

Top non-repeatable levels by time:
     D:1: 925 daAuts
     D:2: 189 daAuts
